 Dungeon Crawl Stone Soup version 0.32-a0-996-gb3226c233f (webtiles) character file.

Game seed: 13637989226365115402

12887 freelancePsychic the Thaumaturge (level 12, -2/81 HPs)
             Began as a Djinni Earth Elementalist on Apr 23, 2024.
             Was a Priest of Hepliaklqana.
             Slain by a vampire (5 damage)
             ... on level 11 of the Dungeon.
             The game lasted 00:15:02 (10771 turns).

freelancePsychic the Thaumaturge (DjEE)            Turns: 10771, Time: 00:15:03

Health: -2/81      AC:  9    Str:  7    XL:     12   Next: 25%
Gold:   634        EV: 10    Int: 31    God:    Hepliaklqana [***...] SH:  7 Dex: 17

rFire   + + .        o - staff of cold
rCold   + . .        D - +2 buckler {rC+}
rNeg    . . .        c - +0 leather armour
rPois   ∞            f - +2 helmet {Int+3}
rElec   .            E - +1 cloak {Stlth+}
rCorr   .            C - +0 pair of gloves {Dex+3}
SInv    .            (boots unavailable)
Will    +....        (no amulet)
Stlth   +++          G - +6 ring of intelligence
HPRegen 0.33/turn    (no ring)

%: infuse magic (-3 HP)
@: confusing by touch, flying
A: reduced essence, sickness immunity, fire resistance 2, cold vulnerability 1,
float, innate caster, HP casting, extra vitality 1
a: Renounce Religion, Recall Ancestor, Ancestor Identity, Transference


You were on level 11 of the Dungeon.
You worshipped Hepliaklqana.
Hepliaklqana was most pleased with you.
You visited 1 branch of the dungeon, and saw 11 of its levels.
You also visited: Bailey.

You collected 634 gold pieces.

Inventory:

Armour
 a - a +0 robe
 c - a +0 leather armour (worn)
 f - a +2 helmet of intelligence (worn)
 m - a +0 cloak
 C - a +0 pair of gloves of dexterity (worn)
 D - a +2 buckler of cold resistance (worn)
 E - a +1 cloak of stealth (worn)
Magical Staves
 o - a staff of cold (weapon)
Jewellery
 n - a +4 ring of slaying
 B - the amulet "Jodwuinka" {Faith +Inv rElec Str+3 Int-3}
   (You found it in a bailey)

   [amulet of faith]

   Faith:     It allows you to gain divine favour quickly.
   Str+3:     It affects your strength (+3).
   Int-3:     It affects your intelligence (-3).
   rElec:     It insulates you from electricity.
   +Inv:      It lets you turn invisible.
 G - a +6 ring of intelligence (left hand)
Wands
 k - a wand of flame (29)
 s - a wand of warping (30)
 t - a wand of polymorph (17)
 I - a wand of charming (21)
Scrolls
 b - 2 scrolls of teleportation {unknown}
 e - 2 scrolls of enchant weapon
 g - 3 scrolls of vulnerability
 j - 2 scrolls of silence
 q - a scroll of noise {unknown}
 r - 2 scrolls of poison
 u - a scroll of blinking {unknown}
 v - a scroll of acquirement {unknown}
 y - a scroll of brand weapon {unknown}
 A - 2 scrolls of fog {unknown}
 H - a scroll of immolation {unknown}
 J - 4 scrolls of amnesia {unknown}
 L - a scroll of identify {@r1}
Potions
 d - 4 potions of enlightenment
 h - 2 potions of curing {@q1}
 i - a potion of ambrosia
 l - 2 potions of degeneration {unknown}
 p - a potion of mutation {unknown}
 w - a potion of berserk rage {unknown}
 x - 2 potions of invisibility {unknown}
 z - 6 potions of heal wounds {unknown}
 F - 3 potions of haste {unknown}
 K - a potion of resistance {unknown}
 M - a potion of might {unknown}


   Skills:
 + Level 9.8 Fighting
 - Level 2.1 Dodging
 - Level 1.5 Stealth
 + Level 5.3 Shields
 * Level 11.5 Spellcasting
 * Level 11.5 Conjurations
 * Level 11.5 Hexes
   Level 0.0 Charms
 * Level 11.5 Summonings
 * Level 11.5 Necromancy
 * Level 11.5 Translocations
   Level 0.0 Transmutations
 * Level 11.5 Fire Magic
 * Level 11.5 Ice Magic
 * Level 11.5 Air Magic
 * Level 11.5 Earth Magic
 * Level 11.5 Alchemy
 + Level 5.7 Invocations


You knew the following spells:

 Your Spells              Type           Power      Damage    Failure   Level
a - Sandblast             Erth           100%       2d20      1%          1
b - Scorch                Fire           100%       2d9       1%          2
c - Stone Arrow           Conj/Erth      100%       3d13      1%          3
d - Petrify               Alch/Erth      73%        N/A       1%          4
e - Brom's Barrelling Bo  Conj/Erth      73%        2d9       1%          4
f - Sting                 Conj/Alch      100%       1d9       1%          1
g - Passwall              Erth           73%        N/A       1%          3
h - Confusing Touch       Hex            73%        N/A       1%          3
i - Summon Blazeheart Go  Fire/Summ      73%        N/A       1%          4
j - Call Canine Familiar  Summ           73%        N/A       1%          3
Your spell library was empty.

Dungeon Overview and Level Annotations

Branches:
Dungeon (11/15)            Temple (0/1) D:5            Lair (0/5) D:10
 Bailey (visited)
    Orc: D:9-12

Altars:
Fedhas
Gozag
Hepliaklqana
Okawaru
Ru
Trog
Xom
Zin
The Shining One

Shops:
D:9 *

Annotations:
D:5 1 runed translucent door, rbyellow5's ghost, novice OpFi
D:7 3 runed translucent doors, petzl's ghost, amateur FoDe


Innate Abilities, Weirdness & Mutations

Your life essence is reduced to manifest your ancestor. (-10% HP)
You are immune to sickness and miasma.
You are immune to poison.
Your flesh is very heat resistant. (rF++)
You are vulnerable to cold. (rC-)
You float through the air rather than walking.
You learn spells naturally, not from books.
Your magical power is your life essence.
You have superior vitality. (+4 MHP)


Message History

The manticore is heavily wounded.
The vampire mosquito closely misses Qots.
You block something's attack. Something bites you.
Casting: Scorch (safe; 1% risk of failure)
Confirm with . or Enter, or press ? or * to list all spells.
Flames lash the manticore.
The manticore is burned terribly!
The manticore is severely wounded.
Qots blocks the vampire mosquito's attack.
Qots barely misses the vampire mosquito.
The vampire mosquito bites Qots but does no damage.
Something hits you. Something bites you!
* * * LOW HITPOINT WARNING * * *
Casting: Scorch (safe; 1% risk of failure)
Confirm with . or Enter, or press ? or * to list all spells.
Flames lash the manticore.
The manticore is burned terribly!
The manticore is almost dead.
* * * LOW HITPOINT WARNING * * *
Qots blocks the vampire mosquito's attack. x2
Qots barely misses the vampire mosquito.
Something hits you.
* * * LOW HITPOINT WARNING * * *
Something bites you.
* * * LOW HITPOINT WARNING * * *
You feel better.
The vampire mosquito bites Qots but does no damage.
Qots blocks the vampire mosquito's attack.
Something hits you.
* * * LOW HITPOINT WARNING * * *
Something bites you!
* * * LOW HITPOINT WARNING * * *
Casting: Scorch (safe; 1% risk of failure)
Confirm with . or Enter, or press ? or * to list all spells.
Your hands begin to glow red.
* * * LOW HITPOINT WARNING * * *
The vampire mosquito bites Qots but does no damage.
Qots closely misses the vampire mosquito.
The vampire mosquito completely misses Qots.
Something hits you but does no damage. Something bites you.
You die...
Hepliaklqana delivers you to your ancestors.

### ### $. .. .# . #H
..#.. .#
.###.#y###.#.###.#
.....#R{...#.....#
.......[@..........
....................
.....................
..............>......
....................#
.............########
.............#
.............#
.............#


You could see the friendly Qots the knight, a manticore (combustible) and a
vampire mosquito (ally target).

Vanquished Creatures
  Gastronok (D:10)
  A two-headed ogre (D:10)
  An elephant (D:10)
  Joseph (D:8)
  A gargoyle (Bailey)
  2 kobold demonologists (D:10)
  2 trolls
  2 hornets (D:9)
  A polar bear (shapeshifter) (D:11)
  Grinder (D:4)
  A vampire (Bailey)
  4 shadows
  Sigmund (D:3)
  2 wyverns (D:9)
  6 yaks
  A wraith (D:11)
  A steam dragon (D:6)
  An acid dragon (D:8)
  3 water moccasins
  2 orc warriors
  5 ice beasts
  A black bear (D:5)
  2 centaurs (D:7)
  2 phantoms
  2 kobold brigands (D:10)
  6 bullfrogs
  A gnoll sergeant (D:8)
  5 scorpions
  10 wights
  15 killer bees
  6 wolf zombies (Bailey)
  7 vampire bats (Bailey)
  A howler monkey (D:3)
  A bombardier beetle (D:5)
  An orc priest (D:4)
  2 hounds
  A jelly (D:7)
  A gnoll bouda (D:6)
  2 iguanas
  5 orc wizards
  14 gnolls
  5 adders
  A shadow imp (D:6)
  3 white imps (D:6)
  8 ufetubi
  2 ribbon worms
  29 orcs
  4 ball pythons
  6 endoplasms
  2 giant cockroaches
  6 goblins
  7 hobgoblins
  2 jackals (D:1)
  4 quokkas
  12 bats
  3 frilled lizards
  6 kobolds
  14 orc zombies (Bailey)
  3 rats
242 creatures vanquished.

Vanquished Creatures (collateral kills)
  A komodo dragon (D:10)
  A hornet (D:10)
  A shadow (D:9)
  A yak (D:8)
  A centaur (D:9)
  A bullfrog (D:10)
  2 wights
  2 killer bees (D:8)
  2 howler monkeys (D:9)
  3 vampire bats (Bailey)
  A wolf zombie (Bailey)
  A jelly (D:8)
  3 adders (D:7)
  2 goblins (D:7)
  A bat (D:7)
  4 orc zombies (Bailey)
27 creatures vanquished.

Vanquished Creatures (others)
  A knight (Bailey)
  An orc wizard (D:6)
  2 ancestors (D:6)
  A blazeheart core (D:8)
5 creatures vanquished.

Grand Total: 274 creatures vanquished

Notes
Turn   | Place    | Note
-------+----------+-------------------------------------------
     0 | D:1      | freelancePsychic the Djinni Earth Elementalist began the
                  | quest for the Orb.
     0 | D:1      | freelancePsychic set off with the following spells
                  | memorised: Sandblast, Passwall, Stone Arrow, Petrify,
                  | Brom's Barrelling Boulder.
     0 | D:1      | Reached XP level 1. HP: 15/15 MP: 0/0
   135 | D:1      | Reached XP level 2. HP: 15/22 MP: 0/0
   440 | D:1      | Reached skill level 1 in Fighting
   675 | D:2      | Reached XP level 3. HP: 26/27 MP: 0/0
   675 | D:2      | Learned a level 1 spell: Sting
   806 | D:2      | Found a faded altar of an unknown god.
  1173 | D:3      | Reached XP level 4. HP: 29/32 MP: 0/0
  1199 | D:3      | Noticed Sigmund
  1554 | D:3      | Reached XP level 5. HP: 36/38 MP: 0/0
  1554 | D:3      | Learned a level 2 spell: Scorch
  1599 | D:3      | Killed Sigmund
  1600 | D:3      | Reached XP level 6. HP: 34/46 MP: 0/0
  1673 | D:3      | Reached skill level 5 in Spellcasting
  1673 | D:3      | Reached skill level 5 in Conjurations
  1673 | D:3      | Reached skill level 5 in Hexes
  1673 | D:3      | Reached skill level 5 in Summonings
  1673 | D:3      | Reached skill level 5 in Necromancy
  1673 | D:3      | Reached skill level 5 in Translocations
  1673 | D:3      | Reached skill level 5 in Fire Magic
  1673 | D:3      | Reached skill level 5 in Ice Magic
  1673 | D:3      | Reached skill level 5 in Air Magic
  1673 | D:3      | Reached skill level 5 in Earth Magic
  1673 | D:3      | Reached skill level 5 in Alchemy
  1921 | D:3      | Reached XP level 7. HP: 24/50 MP: 0/0
  1921 | D:3      | Learned a level 3 spell: Confusing Touch
  2018 | D:4      | Noticed Grinder
  2226 | D:4      | Found a hazy altar of Hepliaklqana.
  2262 | D:4      | Killed Grinder
  2384 | D:4      | Became a worshipper of Hepliaklqana the Forgotten
  2399 | D:4      | Reached XP level 8. HP: 35/58 MP: 0/0
  2750 | D:4      | Found a shimmering altar of Xom.
  2767 | D:5      | Entered Level 5 of the Dungeon
  2767 | D:5      | Found a staircase to the Ecumenical Temple.
  2939 | D:5      | Found a runed translucent door.
  2945 | D:5      | Reached skill level 5 in Fighting
  3023 | D:5      | Found a bloodstained altar of Trog.
  3307 | D:5      | Reached * piety under Hepliaklqana
  3477 | D:5      | Noticed rbyellow5's ghost (novice OpFi)
  3551 | D:6      | Reached XP level 9. HP: 44/59 MP: 0/0
  3551 | D:6      | Learned a level 3 spell: Call Canine Familiar
  4811 | D:6      | Noticed a troll
  4814 | D:6      | Killed a troll
  4822 | D:6      | Reached XP level 10. HP: 50/67 MP: 0/0
  4898 | D:6      | Found a glowing silver altar of Zin.
  5066 | D:6      | Found a glowing golden altar of the Shining One.
  5066 | D:6      | Found a blossoming altar of Fedhas.
  5509 | D:7      | Found a flagged portal.
  5510 | D:7      | Reached ** piety under Hepliaklqana
  5511 | D:7      | Remembered your ancestor Qots as a knight
  5521 | Bailey   | Entered a bailey
  5682 | Bailey   | Noticed a gargoyle
  6099 | Bailey   | Killed a gargoyle
  6100 | Bailey   | Reached skill level 1 in Invocations
  6188 | Bailey   | Identified the +6 plate armour "Teoherygg" {rF+ Str+3 Int-3
                  | SInv}
  6254 | Bailey   | Reached skill level 10 in Spellcasting
  6254 | Bailey   | Reached skill level 10 in Conjurations
  6254 | Bailey   | Reached skill level 10 in Hexes
  6254 | Bailey   | Reached skill level 10 in Summonings
  6254 | Bailey   | Reached skill level 10 in Necromancy
  6254 | Bailey   | Reached skill level 10 in Translocations
  6254 | Bailey   | Reached skill level 10 in Fire Magic
  6254 | Bailey   | Reached skill level 10 in Ice Magic
  6254 | Bailey   | Reached skill level 10 in Air Magic
  6254 | Bailey   | Reached skill level 10 in Earth Magic
  6254 | Bailey   | Reached skill level 10 in Alchemy
  6362 | Bailey   | Identified the amulet "Jodwuinka" {Faith +Inv rElec Str+3
                  | Int-3}
  6794 | D:7      | Reached skill level 1 in Shields
  6983 | D:7      | Found a runed translucent gate.
  6983 | D:7      | Found a runed translucent gate.
  6983 | D:7      | Found a runed translucent gate.
  6984 | D:7      | Noticed a kobold demonologist
  6986 | D:7      | Noticed petzl's ghost (amateur FoDe)
  7521 | D:8      | Noticed Joseph
  7532 | D:8      | Killed Joseph
  7714 | D:8      | Reached XP level 11. HP: 68/73 MP: 0/0
  7714 | D:8      | Learned a level 4 spell: Summon Blazeheart Golem
  8164 | D:8      | Found an iron altar of Okawaru.
  8770 | D:9      | Found an opulent altar of Gozag.
  8835 | D:9      | Reached *** piety under Hepliaklqana
  8835 | D:9      | Found a sacrificial altar of Ru.
  9365 | D:9      | Found Pumulax's General Store.
  9478 | D:10     | Entered Level 10 of the Dungeon
  9490 | D:10     | Noticed Gastronok
  9499 | D:10     | Killed Gastronok
  9507 | D:10     | Noticed a sixfirhy
  9508 | D:10     | Noticed a sixfirhy
  9788 | D:10     | Reached skill level 5 in Invocations
 10058 | D:10     | Reached XP level 12. HP: 67/81 MP: 0/0
 10130 | D:10     | Found a staircase to the Lair.
 10213 | D:10     | Noticed a two-headed ogre
 10218 | D:10     | Killed a two-headed ogre
 10219 | D:10     | Reached skill level 5 in Shields
 10759 | D:11     | Noticed a tengu warrior
 10771 | D:11     | Slain by a vampire

Illustrated notes

Levels and vault maps discovered:
D:1:      dpeg_arrival_rhombi, layout_loops_ring, reono_crystal_passage,
          hangedman_decor_opposing, minmay_3d_cube
D:2:      layout_rooms, nicolae_ecumenical_lake_church
D:3:      layout_rooms, uniq_sigmund
D:4:      layout_cave_pools, kennysheep_mini_moat,
          mainiacjoe_overflow_concentric_impassable, uniq_grinder
D:5:      nicolae_cairo_tiling_large_dashed, layout_cave_pools,
          lemuel_round_altar, minmay_temple_entry_mini_moons,
          ebering_ghost_reflecting_pool
D:6:      minmay_inner_zag, layout_loops_corners,
          nicolae_overflow_crystal_walls, gammafunk_temple_overflow_statue,
          minmay_misc_feat_x, minmay_starry_boxes
D:7:      old_forge, layout_cave_pools, enter_bailey_5,
          gammafunk_ghost_nasty_kobolds
D:8:      layout_gridville, mainiacjoe_overflow_catwalk, uniq_joseph
D:9:      layout_cave_pools, mainiacjoe_overflow_catch_the_wave, serial_shops,
          nicolae_shop_advertising_works [nicolae_subvault_shop_adworks],
          fungi_pond_lemuel
D:10:     layout_basic, grunt_lair_entry_orc_guard_hut, uniq_gastronok
D:11:     hangedman_cross_stitches, layout_irregular_city,
          kennysheep_generic_room_15

Skill      XL: |  1  2  3  4  5  6  7  8  9 10 11 12 |
---------------+-------------------------------------+-----
Fighting       | 1 2 3 4 5 7 8 9 |  9.8
Spellcasting   | 4 5 6 7 9 10 11 | 11.5
Conjurations   | 4 5 6 7 9 10 11 | 11.5
Hexes          | 4 5 6 7 9 10 11 | 11.5
Summonings     | 4 5 6 7 9 10 11 | 11.5
Necromancy     | 4 5 6 7 9 10 11 | 11.5
Translocations | 4 5 6 7 9 10 11 | 11.5
Fire Magic     | 4 5 6 7 9 10 11 | 11.5
Ice Magic      | 4 5 6 7 9 10 11 | 11.5
Air Magic      | 4 5 6 7 9 10 11 | 11.5
Earth Magic    | 4 5 6 7 9 10 11 | 11.5
Alchemy        | 4 5 6 7 9 10 11 | 11.5
Invocations    | 2 5 |  5.7
Shields        | 2 4 5 |  5.3
Dodging        | |  2.1
Stealth        | |  1.5

Action                     |  1- 3 |  4- 6 |  7- 9 | 10-12 || total
---------------------------+-------+-------+-------+-------++-------
  Melee: Staff             |       |       |     1 |     1 ||     2
   Cast: Sandblast         |    40 |    24 |    22 |       ||    86
         Scorch            |       |    25 |    67 |   145 ||   237
         Stone Arrow       |       |       |    40 |   152 ||   192
         Call Canine Famil |       |       |     2 |       ||     2
         Summon Blazeheart |       |       |       |     1 ||     1
         Confusing Touch   |       |       |       |     1 ||     1
 Invoke: Ancestor Life: Kn |       |       |       |     1 ||     1
    Use: Scroll            |     3 |       |       |     3 ||     6
         Potion            |       |     2 |     2 |     2 ||     6
 Armour: Leather armour    |     4 |    36 |    49 |   106 ||   195
  Dodge: Dodged            |     5 |    26 |    35 |    69 ||   135
  Block: Buckler           |       |       |       |    32 ||    32

Table legend: (Time is in decaauts)
 A = Elapsed time spent in this place.
 B = Non-inter-level travel time spent in this place.
 C = Inter-level travel time spent in this place.
 D = Time resting spent in this place.
 E = Time spent auto-exploring this place.
 F = Levels seen in this place.
 G = Mean time per level.
                   A        B        C        D        E       F      G
               +--------+--------+--------+--------+--------+-----+--------+
         Total |  10814 |  10419 |    395 |    589 |   8301 |  12 |  901.2 |
       Dungeon |   9823 |   9428 |    395 |    455 |   7652 |  11 |  893.0 |
        Bailey |    990 |    990 |      0 |    134 |    649 |   1 |  990.0 |
               +--------+--------+--------+--------+--------+-----+--------+

Top non-repeatable levels by time:
     D:6: 2010 daAuts
     D:8: 1317 daAuts
    D:10: 1105 daAuts
  Bailey: 990 daAuts
     D:7: 924 daAuts
     D:9: 865 daAuts
     D:4: 770 daAuts
     D:3: 738 daAuts
     D:2: 726 daAuts
     D:1: 662 daAuts
     D:5: 638 daAuts
    D:11: 64 daAuts
